 Dungeon Crawl Stone Soup version 0.30-a0-534-gdc55766716 (webtiles) character file.

Game seed: 11049221407265296507

120 tkbsonic5 the Stinger (level 5, -8/67 HPs)
             Began as a Naga Venom Mage on Dec 23, 2022.
             Mangled by an ogre
             ... wielding a +0 giant club
              (21 damage)
             ... on level 3 of the Dungeon on Dec 25, 2022.
             The game lasted 00:17:29 (2354 turns).

tkbsonic5 the Stinger (Naga Venom Mage)             Turns: 2354, Time: 00:17:29

Health: -8/67      AC: 22    Str: 10    XL:     5   Next: 4%
Magic:  0/8        EV:  1    Int: 17    God:
Gold:   117        SH:  0    Dex: 12    Spells: 2/9 levels left

rFire   . . .      SeeInvis +    g - staff of poison
rCold   . . .      Faith    .    (no shield)
rNeg    . . .      Spirit   .    (body armour currently unavailable)
rPois   +          Reflect  .    (helmet currently unavailable)
rElec   .          Harm     .    (cloak currently unavailable)
rCorr   .          Rampage  .    (gloves currently unavailable)
Will    +....      NoTele   +    (no barding)
Stlth   ++                       (no amulet)
HPRegen 0.31/turn                c - ring of willpower
MPRegen 0.11/turn                (no ring)

@: tree-form, very slightly contaminated, hasted, very quick
A: stationary, stasis, torment immunity, boosted hp, AC +1, large, see
invisible, (deformed body), (poison resistance), (slowness 2), spit poison 1,
(naga tail 1)
a: Spit Poison


You were on level 3 of the Dungeon.
You were a tree.
You visited 1 branch of the dungeon, and saw 3 of its levels.

You collected 117 gold pieces.

Inventory:

Hand Weapons
 d - a +0 mace
 e - a +0 dagger
Missiles
 b - 4 poisoned darts
Armour
 a - a +0 robe (melded)
 i - a +0 ring mail
Magical Staves
 g - a staff of poison (weapon)
Jewellery
 c - a ring of willpower (left branch)
Potions
 f - a potion of attraction
 h - 2 potions of haste


   Skills:
 * Level 1.7 Fighting
 * Level 0.9(1.0) Staves
 - Level 1.5 Dodging
 + Level 3.7 Stealth
 * Level 2.5 Spellcasting
 * Level 0.2 Conjurations
 + Level 1.0 Summonings
 + Level 1.5 Transmutations
 * Level 1.1 Air Magic
 * Level 4.7 Poison Magic


You had 2 spell levels left.
You knew the following spells:

 Your Spells              Type           Power      Damage    Failure   Level
a - Sting                 Tmut/Pois      76%        1d6       4%          1
b - Summon Small Mammal   Summ           20%        N/A       12%         1
c - Poisonous Vapours     Pois/Air       36%        N/A       9%          2
d - Mephitic Cloud        Conj/Pois/Air  13%        N/A       24%         3

Your spell library contained the following spells:

 Spells                   Type           Power      Damage    Failure   Level
 Wereblood                Tmut           7%         N/A       14%         2
 Sublimation of Blood     Necr           2%         N/A       28%         2
 Olgreb's Toxic Radiance  Pois           27%        N/A       26%         4
 Call Canine Familiar     Summ           5%         N/A       34%         3
 Summon Guardian Golem    Hex/Summ       3%         N/A       41%         3
 Frozen Ramparts          Ice            4%         1d1       50%         3
 Ice Form                 Ice/Tmut       4%         N/A       80%         4
 Summon Ice Beast         Ice/Summ       3%         N/A       83%         4
 Summon Hydra             Summ           2%         N/A       100%        7


Dungeon Overview and Level Annotations

Branches:
Dungeon (3/15)

Altars:


Innate Abilities, Weirdness & Mutations

You are a tree.
Your roots penetrate the ground, keeping you stationary.
You cannot be teleported.
You are immune to unholy pain and torment.
Your maximum health is greatly increased.
Your equipment is partially melded.
((Your serpentine skin is tough. (AC +1)))
You have supernaturally acute eyesight. (SInv)
((Armour fits poorly on your strangely shaped body.))
((Your system is resistant to poisons. (rPois)))
((You cover ground very slowly.))
You can spit poison.
((You have a snake-like lower body.))


Message History

The spell is quite dangerous to miscast (24% risk of failure)!
Continue anyway?
Aiming: Mephitic Cloud (quite dangerous; 24% risk of failure)
Press: ? - help, Shift-Dir - straight line, f/p - ogre
Aim: an ogre, wielding a +0 giant club (chance to affect: 77%)
You feel a surge of power!
You miscast Mephitic Cloud.
Nothing appears to happen.
You aren't carrying any scrolls.
It was a potion of haste.
You feel yourself speed up. The ogre attacks as you move away!
The ogre hits you with a +0 giant club!
Found 2 clear potions.
There is a stone staircase leading up here.
Casting: Mephitic Cloud (quite dangerous; 24% risk of failure)
Confirm with . or Enter, or press ? or * to list all spells.
The spell is quite dangerous to miscast (24% risk of failure)!
Continue anyway?
Aiming: Mephitic Cloud (quite dangerous; 24% risk of failure)
Press: ? - help, Shift-Dir - straight line, f/p - ogre
Aim: an ogre, wielding a +0 giant club (chance to affect: 77%)
You feel a surge of power!
The ball explodes into a vile cloud!
The stinking cloud engulfs the ogre but does no damage.
The ogre is engulfed in noxious fumes.
The ogre appears confused.
You hit the ogre but do no damage.
You envenom the ogre.
The ogre is poisoned.
The ogre is lightly wounded.
The ogre hits you with a +0 giant club!
You hit the ogre but do no damage.
The ogre is lightly wounded.
You hit the ogre.
The ogre is lightly wounded.
It was a potion of lignification.
You turn into a tree.
Your +0 robe melds into your body.
Your roots penetrate the ground.
You hit the ogre but do no damage.
The ogre is moderately wounded.
You catch the helpless ogre completely off-guard!
You hit the ogre.
The ogre is moderately wounded.
The ogre hits you with a +0 giant club!!
* * * LOW HITPOINT WARNING * * *
You hit the ogre.
The ogre is moderately wounded.
The ogre hits you with a +0 giant club!!
You die...

#.# #.# #
##.##
...###...#####
#...........#
#####...###.#
##.## #.#
#.##########<#
#.#
#.....!♣O....#
#.#
##############
#.# #.# ###.#
#...# ## #.###
..# #.# #.#
#.# #.#
#.#####.#


You could see an ogre (confused, poisoned).

Vanquished Creatures
  An orc wizard (D:3)
  Robin (D:2)
  2 adders (D:2)
  A worm (D:2)
  A dart slug (D:1)
  2 orcs (D:3)
  A ball python (D:1)
  5 bats
  4 endoplasms (D:1)
  2 giant cockroaches
  17 goblins
  6 hobgoblins
  3 jackals (D:2)
  A kobold (D:2)
  A frilled lizard (D:2)
  4 rats
52 creatures vanquished.

Vanquished Creatures (collateral kills)
  A hobgoblin (D:2)
  A ball python (D:2)
2 creatures vanquished.

Vanquished Creatures (others)
  A goblin (D:2)
1 creature vanquished.

Grand Total: 55 creatures vanquished

Notes
Turn   | Place    | Note
-------+----------+-------------------------------------------
     0 | D:1      | tkbsonic5 the Naga Venom Mage began the quest for the Orb.
     0 | D:1      | Reached XP level 1. HP: 15/15 MP: 3/3
   189 | D:1      | Learned a level 1 spell: Summon Small Mammal
   247 | D:1      | Reached XP level 2. HP: 24/24 MP: 3/5
   255 | D:1      | Learned a level 2 spell: Poisonous Vapours
   456 | D:1      | You fall into a shaft and drop 1 floor!
   457 | D:2      | Upgraded the game from 0.30-a0-528-g8c47a4955b to
                  | 0.30-a0-534-gdc55766716
   467 | D:2      | Reached skill level 1 in Fighting
   469 | D:2      | Reached XP level 3. HP: 28/31 MP: 0/6
   823 | D:1      | Identified a scroll of acquirement
   823 | D:1      | Acquired a staff of poison
  1571 | D:1      | Reached XP level 4. HP: 24/38 MP: 4/7
  1630 | D:1      | Learned a level 3 spell: Mephitic Cloud
  1678 | D:2      | Noticed Robin
  1685 | D:2      | Killed Robin
  1935 | D:2      | Reached skill level 1 in Air Magic
  2076 | D:2      | Reached skill level 1 in Summonings
  2240 | D:3      | Reached XP level 5. HP: 37/45 MP: 0/8
  2335 | D:3      | Noticed an ogre
  2354 | D:3      | Mangled by an ogre

Illustrated notes

Levels and vault maps discovered:
D:1:      minmay_arrival_loop, layout_loops_cross
D:2:      layout_rooms, uniq_robin
D:3:      minmay_wonky_spiral, layout_loops_ring

Skill      XL: |  1  2  3  4 |
---------------+-------------+-----
Fighting       | 1 |  1.7
Air Magic      | 1 |  1.1
Summonings     | 1 |  1.0
Staves         | |  0.9
Dodging        | |  1.5
Stealth        | |  3.7
Spellcasting   | |  2.5
Conjurations   | |  0.2
Transmutations | |  1.5
Poison Magic   | |  4.7

Action                   |  1- 3 |  4- 6 || total
-------------------------+-------+-------++-------
Melee: Unarmed           |     2 |       ||     2
       Mace              |    25 |       ||    25
       Staff             |     9 |    41 ||    50
       Punch             |       |     2 ||     2
Throw: Dart              |       |     4 ||     4
 Cast: Sting             |    35 |    14 ||    49
       Summon Small Mamm |    14 |       ||    14
       Poisonous Vapours |     8 |    10 ||    18
       Mephitic Cloud    |       |     3 ||     3
 Abil: Spit Poison       |    12 |     2 ||    14
  Use: Scroll            |     5 |       ||     5
       Potion            |     1 |     3 ||     4
 Stab: Confused          |       |     1 ||     1
Armor: Robe              |    20 |     9 ||    29
       Ring mail         |     9 |       ||     9
Dodge: Dodged            |    51 |    22 ||    73

Table legend: (Time is in decaauts)
 A = Elapsed time spent in this place.
 B = Non-inter-level travel time spent in this place.
 C = Inter-level travel time spent in this place.
 D = Time resting spent in this place.
 E = Time spent auto-exploring this place.
 F = Levels seen in this place.
 G = Mean time per level.
                   A        B        C        D        E       F      G
               +--------+--------+--------+--------+--------+-----+--------+
         Total |   2813 |   2728 |     85 |    730 |   1421 |   3 |  937.7 |
       Dungeon |   2813 |   2728 |     85 |    730 |   1421 |   3 |  937.7 |
               +--------+--------+--------+--------+--------+-----+--------+

Top non-repeatable levels by time:
     D:1: 1723 daAuts
     D:2: 883 daAuts
     D:3: 206 daAuts
